 Dungeon Crawl Stone Soup version 0.28-a0-1080-g05a166d0ed (webtiles) character file.

Game seed: 3728949601594459100

116 spaghetti the Thaumaturge (level 5, 0/37 HPs)
             Began as a Gnoll Wanderer on Dec 9, 2021.
             Slain by Natasha (6 damage)
             ... on level 2 of the Dungeon.
             The game lasted 00:07:27 (4702 turns).

spaghetti the Thaumaturge (Gnoll Wanderer)          Turns: 4702, Time: 00:07:29

Health: 0/37       AC:  6    Str: 11    XL:     5   Next: 0%
Magic:  13/16      EV: 11    Int: 14    God:
Gold:   94         SH:  0    Dex: 11    Spells: 12/22 levels left

rFire   . . .      SeeInvis .   a - +0 dagger
rCold   . . .      Faith    .   (no shield)
rNeg    . . .      Spirit   .   b - +0 robe
rPois   .          Reflect  .   (no helmet)
rElec   .          Harm     .   (no cloak)
rCorr   .          Rampage  .   g - +2 pair of gloves {hurl}
Will    .....                   d - +0 pair of boots
Stlth   +.........              (no amulet)
HPRegen 0.12/turn               (no ring)
MPRegen 0.15/turn               (no ring)

@: confused
A: fangs 1, strong nose, distributed training
a: no special abilities


You were on level 2 of the Dungeon.
You visited 1 branch of the dungeon, and saw 3 of its levels.

You collected 94 gold pieces.

Inventory:

Hand Weapons
 a - a +0 dagger (weapon)
Armour
 b - a +0 robe (worn)
 d - a +0 pair of boots (worn)
 g - a +2 pair of gloves of hurling (worn)
Scrolls
 e - a scroll of enchant armour {unknown}
 f - a scroll of torment {unknown}
 h - 2 scrolls of identify {unknown}
 i - 2 scrolls of amnesia {unknown}
Potions
 c - 2 potions of curing


   Skills:
 + Level 1.3 Fighting
 + Level 1.3 Short Blades
 + Level 1.3 Long Blades
 + Level 1.3 Axes
 + Level 1.3 Maces & Flails
 + Level 1.3 Polearms
 + Level 1.3 Staves
 + Level 1.3 Slings
 + Level 1.3 Bows
 + Level 1.3 Crossbows
 + Level 2.8 Throwing
 + Level 1.3 Armour
 + Level 1.3 Dodging
 + Level 2.6 Stealth
 + Level 1.3 Shields
 + Level 1.3 Unarmed Combat
 + Level 9.4 Spellcasting
 + Level 1.0 Conjurations
 + Level 1.0 Hexes
 + Level 1.0 Summonings
 + Level 1.0 Necromancy
 + Level 2.3 Translocations
 + Level 1.0 Transmutations
 + Level 2.3 Fire Magic
 + Level 1.0 Ice Magic
 + Level 3.9 Air Magic
 + Level 1.0 Earth Magic
 + Level 1.0 Poison Magic
 + Level 1.4 Invocations
 + Level 1.3 Evocations


You had 12 spell levels left.
You knew the following spells:

 Your Spells              Type           Power      Damage    Failure   Level
a - Blink                 Tloc           26%        N/A       6%          2
b - Call Imp              Summ           9%         N/A       11%         2
c - Mephitic Cloud        Conj/Pois/Air  12%        N/A       14%         3
d - Ozocubu's Armour      Ice            9%         N/A       22%         3

Your spell library contained the following spells:

 Spells                   Type           Power      Damage    Failure   Level
 Foxfire                  Conj/Fire      44%        2x1d6     5%          1
 Magic Dart               Conj           36%        1d4       7%          1
 Slow                     Hex            36%        N/A       7%          1
 Conjure Flame            Conj/Fire      11%        6-21      17%         3
 Stone Arrow              Conj/Erth      18%        3d8       22%         3
 Metabolic Englaciation   Hex/Ice        4%         N/A       89%         5
 Simulacrum               Ice/Necr       4%         N/A       100%        6


Dungeon Overview and Level Annotations

Branches:
Dungeon (3/15)

Altars:

Shops:
D:1 :

Annotations:
D:2 Natasha


Innate Abilities, Weirdness & Mutations

You have very sharp teeth.
Your uncanny sense of smell can sniff out nearby items.
Your experience applies equally to all skills.


Message History

You are too injured to fight recklessly!
You are too injured to fight recklessly!
You are too injured to fight recklessly!
Unknown command.
Casting: Blink (safe; 6% risk of failure)
Confirm with . or Enter, or press ? or * to list all spells.
The spell is quite dangerous to miscast (14% risk of failure)!
Continue anyway?
Aiming: Mephitic Cloud (quite dangerous; 14% risk of failure)
Press: ? - help, Shift-Dir - straight line, f - Natasha
Aim: Natasha (severely wounded, chance to affect: 86%) That beam is likely to hit you.
Continue anyway?
The ball explodes into a vile cloud!
The stinking cloud engulfs Natasha but does no damage.
Natasha is severely wounded.
The stinking cloud engulfs you but does no damage.
You are engulfed in noxious fumes.
You choke on the stench!
You are confused.
You hear a shout!
Natasha is engulfed in noxious fumes.
Natasha appears confused.
The shadow imp barely misses you.
Unknown command.
Unknown command.
You closely miss Natasha.
Natasha is almost dead.
You are engulfed in noxious fumes.
* * * LOW HITPOINT WARNING * * *
The shadow imp barely misses you.
You bump into the rock wall.
You are engulfed in noxious fumes.
You choke on the stench!
You are more confused.
Natasha is engulfed in noxious fumes.
Natasha appears confused.
The shadow imp closely misses you.
You closely miss Natasha.
Natasha is almost dead.
You are engulfed in noxious fumes.
You choke on the stench!
You are more confused.
* * * LOW HITPOINT WARNING * * *
Natasha is engulfed in noxious fumes.
Natasha appears confused.
Natasha claws you.
You die...

.#.'..................#..........
.#.#.............................
.#.#..............##.............
.#.#..............##(............
.#.#..............##.............
.#.#..............##.............
.#.#######'#########......h......
.#.# #.#########.............
.#.# #.....5@h○.....h........
##.# #######°.°..............
...# ..)............... ##.#
................... ###
....<..#'#.......... ....###.# #
..... '# ###'## ..


You could see Natasha (confused) and a shadow imp (summoned).

Vanquished Creatures
  Natasha (twice) (D:2)
  A worm (D:2)
  3 dart slugs
  3 endoplasms (D:1)
  A giant cockroach (D:2)
  6 goblins
  A hobgoblin (D:2)
  6 jackals
  2 kobolds (D:1)
  2 ball pythons
  2 bats (D:1)
  6 frilled lizards
  3 rats (D:1)
38 creatures vanquished.

Vanquished Creatures (collateral kills)
  An adder (D:2)
  A goblin (D:2)
  2 hobgoblins (D:1)
  3 jackals (D:1)
  A rat (D:2)
8 creatures vanquished.

Vanquished Creatures (others)
  3 fungi (D:2)
3 creatures vanquished.

Grand Total: 49 creatures vanquished

Notes
Turn   | Place    | Note
-------+----------+-------------------------------------------
     0 | D:1      | Reached skill level 9 in Spellcasting
     0 | D:1      | spaghetti the Gnoll Wanderer began the quest for the Orb.
     0 | D:1      | spaghetti set off with the following items: a +0 dagger, a
                  | +0 robe, a scroll of teleportation; and the following
                  | spells available to memorise: Foxfire, Blink, Magic Dart,
                  | Slow, Call Imp, Mephitic Cloud, Conjure Flame, Stone Arrow
     0 | D:1      | Reached XP level 1. HP: 13/13 MP: 10/10
   409 | D:1      | Found Arefar's Book Shop.
   540 | D:1      | Reached XP level 2. HP: 18/19 MP: 12/12
   915 | D:1      | Learned a level 2 spell: Blink
   918 | D:1      | Learned a level 2 spell: Call Imp
  2082 | D:1      | Reached XP level 3. HP: 17/25 MP: 13/13
  2177 | D:1      | Learned a level 3 spell: Mephitic Cloud
  2274 | D:1      | Found a faded altar of an unknown god.
  2322 | D:2      | Noticed Natasha
  2752 | D:2      | Killed Natasha
  2753 | D:2      | Reached skill level 1 in Fighting
  2753 | D:2      | Reached skill level 1 in Short Blades
  2753 | D:2      | Reached skill level 1 in Long Blades
  2753 | D:2      | Reached skill level 1 in Axes
  2753 | D:2      | Reached skill level 1 in Maces & Flails
  2753 | D:2      | Reached skill level 1 in Polearms
  2753 | D:2      | Reached skill level 1 in Staves
  2753 | D:2      | Reached skill level 1 in Slings
  2753 | D:2      | Reached skill level 1 in Bows
  2753 | D:2      | Reached skill level 1 in Crossbows
  2753 | D:2      | Reached skill level 1 in Armour
  2753 | D:2      | Reached skill level 1 in Dodging
  2753 | D:2      | Reached skill level 1 in Shields
  2753 | D:2      | Reached skill level 1 in Unarmed Combat
  2753 | D:2      | Reached skill level 1 in Invocations
  2753 | D:2      | Reached skill level 1 in Evocations
  2753 | D:2      | Reached XP level 4. HP: 24/32 MP: 12/15
  2949 | D:2      | Learned a level 3 spell: Ozocubu's Armour
  2983 | D:2      | You fall into a shaft and drop 1 floor!
  3001 | D:3      | Noticed a scorpion
  3958 | D:2      | Noticed Natasha
  4099 | D:2      | HP: 1/32 [Natasha (7)]
  4100 | D:2      | Killed Natasha
  4101 | D:2      | Reached skill level 1 in Conjurations
  4101 | D:2      | Reached skill level 1 in Hexes
  4101 | D:2      | Reached skill level 1 in Summonings
  4101 | D:2      | Reached skill level 1 in Necromancy
  4101 | D:2      | Reached skill level 1 in Transmutations
  4101 | D:2      | Reached skill level 1 in Ice Magic
  4101 | D:2      | Reached skill level 1 in Earth Magic
  4101 | D:2      | Reached skill level 1 in Poison Magic
  4125 | D:2      | Noticed Natasha
  4497 | D:2      | Reached XP level 5. HP: 26/37 MP: 16/16
  4702 | D:2      | Slain by Natasha

Illustrated notes

Levels and vault maps discovered:
D:1:      ncdulo_watergridlock, layout_basic, serial_shops, shop,
          shapermc_ecumenical_altar_petra, serial_park_tiny_1
D:2:      layout_basic, uniq_sigmund, uniq_crazy_yiuf_cottage, uniq_natasha
D:3:      layout_loops_ring

Skill      XL: |  1  2  3  4 |
---------------+-------------+-----
Spellcasting   | |  9.4
Translocations | 2 |  2.3
Fire Magic     | 2 |  2.3
Fighting       | 1 |  1.3
Short Blades   | 1 |  1.3
Long Blades    | 1 |  1.3
Axes           | 1 |  1.3
Maces & Flails | 1 |  1.3
Polearms       | 1 |  1.3
Staves         | 1 |  1.3
Slings         | 1 |  1.3
Bows           | 1 |  1.3
Crossbows      | 1 |  1.3
Armour         | 1 |  1.3
Dodging        | 1 |  1.3
Shields        | 1 |  1.3
Unarmed Combat | 1 |  1.3
Invocations    | 1 |  1.4
Evocations     | 1 |  1.3
Conjurations   | 1 |  1.0
Hexes          | 1 |  1.0
Summonings     | 1 |  1.0
Necromancy     | 1 |  1.0
Transmutations | 1 |  1.0
Ice Magic      | 1 |  1.0
Earth Magic    | 1 |  1.0
Poison Magic   | 1 |  1.0
Throwing       | |  2.8
Stealth        | |  2.6
Air Magic      | |  3.9

Action                   |  1- 3 |  4- 6 || total
-------------------------+-------+-------++-------
Melee: Dagger            |   113 |   115 ||   228
       Bite              |    10 |     8 ||    18
       Unarmed           |       |     2 ||     2
       Punch             |       |     2 ||     2
 Cast: Call Imp          |    11 |    10 ||    21
       Mephitic Cloud    |     1 |     1 ||     2
       Blink             |       |     9 ||     9
  Use: Potion            |     2 |     1 ||     3
       Scroll            |       |     1 ||     1
 Stab: Sleeping          |     2 |     1 ||     3
       Distracted        |       |     1 ||     1
Armor: Robe              |    20 |    32 ||    52
       Skin              |    15 |     2 ||    17
Dodge: Dodged            |    90 |    68 ||   158

Table legend: (Time is in decaauts)
 A = Elapsed time spent in this place.
 B = Non-inter-level travel time spent in this place.
 C = Inter-level travel time spent in this place.
 D = Time resting spent in this place.
 E = Time spent auto-exploring this place.
 F = Levels seen in this place.
 G = Mean time per level.
                   A        B        C        D        E       F      G
               +--------+--------+--------+--------+--------+-----+--------+
         Total |   4696 |   4652 |     44 |   2776 |   1287 |   3 | 1565.3 |
       Dungeon |   4696 |   4652 |     44 |   2776 |   1287 |   3 | 1565.3 |
               +--------+--------+--------+--------+--------+-----+--------+

Top non-repeatable levels by time:
     D:1: 2731 daAuts
     D:2: 1903 daAuts
     D:3: 62 daAuts
